 Dungeon Crawl Stone Soup version 0.17-a0-2127-g1cb09f6 (webtiles) character file.

4049 fredomojojo the Ducker (level 10, 0/84 HPs)
             Began as a Red Draconian Berserker on Oct 23, 2015.
             Was a Priest of Trog.
             Succumbed to a killer bee's poison
             ... on level 8 of the Dungeon.
             The game lasted 02:36:59 (6563 turns).

fredomojojo the Ducker (Red Draconian Berserker)    Turns: 6563, Time: 02:36:59

Health: 0/84       AC: 10    Str: 25      XL:     10   Next: 4%
Magic:  10/10      EV: 16    Int:  7 (8)  God:    Trog [***...]
Gold:   441        SH:  0    Dex: 13      Spells: 0 memorised, 9 levels left

rFire  + . .     SeeInvis .     w - +3 spear
rCold  . . .     Clarity  +     (armour unavailable)
rNeg   . . .     SustAt   .     (no shield)
rPois  .         Gourm    .     (helmet restricted)
rElec  .         Spirit   .     U - +0 cloak
rCorr  .         Warding  .     K - +0 pair of gloves
rMut   .         Stasis   .     l - +0 pair of boots
MR     +....                    E - amulet of clarity
Stlth  +++.......               k - +5 ring of strength
                                M - ring of protection from magic

@: lethally poisoned (0 -> -2), about to teleport, somewhat resistant to hostile
enchantments, fairly stealthy
A: breathe fire, unfitting armour, fire resistance 1, cold-blooded, AC +7
a: Breathe Fire, Berserk, Trog's Hand, Burn Spellbooks, Renounce Religion


You were on level 8 of the Dungeon.
You worshipped Trog.
Trog was most pleased with you.
You were not hungry.

You visited 1 branch of the dungeon, and saw 8 of its levels.

You collected 441 gold pieces.

Inventory:

Hand Weapons
 a - a +0 hand axe
 b - a +0 hunting sling
 d - a +0 blowgun
 e - a +2 scythe of freezing
 q - a +0 flail of holy wrath
 r - a +1 mace of draining
 v - a +2 flail of pain
 w - a +3 spear (weapon)
 W - a +1 glaive
Missiles
 f - 141 stones
 t - 5 tomahawks (quivered)
 u - 6 sling bullets
 C - 4 needles of paralysis
 D - 5 poisoned needles
 X - 14 poisoned sling bullets
Armour
 l - a +0 pair of boots (worn)
 K - a +0 pair of gloves (worn)
 U - a +0 cloak (worn)
Jewellery
 k - a +5 ring of strength (right hand)
 E - an amulet of clarity (around neck)
 M - a ring of protection from magic (left hand)
Wands
 g - a wand of fire (9)
 m - a wand of digging (13)
 o - a wand of frost (16)
 A - a wand of confusion (25)
 S - a wand of paralysis (9)
 Y - a wand of confusion (24)
 Z - a wand of lightning (3)
Scrolls
 i - 3 scrolls of noise
 j - 2 scrolls of remove curse
 s - 3 scrolls of random uselessness {unknown}
 y - 2 scrolls of blinking {unknown}
 H - a scroll of teleportation
 J - 2 scrolls of immolation {unknown}
 L - 2 scrolls of enchant armour {unknown}
 P - a scroll of fear {unknown}
 Q - 2 scrolls of identify
 T - 2 scrolls of silence {unknown}
Potions
 c - a potion of haste
 h - 3 potions of might
 p - a potion of berserk rage
 x - a potion of heal wounds {unknown}
 B - a potion of poison {unknown}
 I - a potion of agility {unknown}
 O - a potion of cure mutation {unknown}
 R - a potion of lignification {unknown}
 V - 2 potions of flight {unknown}
Comestibles
 n - 2 royal jellies
 z - 11 fruits
 N - 8 bread rations


   Skills:
 + Level 6.5 Fighting
 + Level 5.2(5.8) Axes
 + Level 1.3(3.5) Maces & Flails
 + Level 3.2(4.7) Polearms
 + Level 2.5(3.9) Slings
 + Level 4.6(5.0) Throwing
 + Level 7.7 Dodging
 + Level 7.0 Stealth
 + Level 0.2 Evocations


You had 9 spell levels left.
You didn't know any spells.

Dungeon Overview and Level Annotations

Branches:
Dungeon (8/15)             Temple (0/1) D:4
   Lair: D:8-11

Altars:
Ashenzari
Fedhas
Kikubaaqudgha

Annotations:
D:8 4 runed doors, Erica


Innate Abilities, Weirdness & Mutations

You can breathe blasts of fire.
Your fiery red scales are hard (AC +7).
Your body does not fit into most forms of armour.
Your flesh is heat resistant.
You are cold-blooded and may be slowed by cold attacks.


Message History

You feel sick. The killer bee barely misses you.
The killer bee stings you but does no damage.
The polar bear growls angrily.
The killer bee misses you.
The polar bear growls angrily.
The killer bee stings you but does no damage.
You feel sick. The killer bee stings you.
* * * LOW HITPOINT WARNING * * *
You feel stronger.
k - a +5 ring of strength (right hand)
The killer bee stings you.
* * * LOW HITPOINT WARNING * * *
As you read the scroll of teleportation, it crumbles to dust.
You feel strangely unstable.
The death yak bellows!
The polar bear growls angrily.
The killer bee stings you.
* * * LOW HITPOINT WARNING * * *
You are lethally poisoned!
The killer bee poisons you! The killer bee closely misses you.
You die...

##....## ##... #
#......# ##.. ...
###..##..# ### #
#...#...####..# ##
#......## ##.. .#
##...#.s# ### .##
#...##y## ..##
######...# ...###
....h#.@.#
.....####...hh#p..#
........#.h.hY+...#
........#.HhYh+...#
#.......#..hh.+...#
##......#hhh..+.).#
##......#...hY#...#
#......##..hhh#.(.#
........#######(..#


You could see a death yak, a griffon (wandering), 7 polar bears, 2 black bears,
a sheep (wandering), a killer bee, a giant cockroach and a neutral freed slave
(wandering).

Vanquished Creatures
  Pikel (D:8)
  Maurice (D:8)
  The ghost of brucemayne the Insei, an amateur DsAs of Cheibriados (D:5)
  Prince Ribbit (D:6)
  A spriggan (D:7)
  Sigmund (D:3)
  Eustachio (D:6)
  Grum (D:8)
  Edmund (D:4)
  3 wolves (D:8)
  A black bear (D:7)
  4 centaurs
  A giant frog (D:6)
  2 scorpions (D:4)
  7 wights (D:8)
  A crimson imp (D:6)
  A giant frog zombie (D:8)
  A giant frog skeleton (D:4)
  3 hounds
  5 orc priests
  6 orc wizards
  Natasha (twice) (D:3)
  2 iguanas
  4 worker ants
  A hound skeleton (D:8)
  Robin (D:4)
  8 adders
  2 shadow imps
  3 oozes
  An adder zombie (D:7)
  5 worms
  3 giant geckos
  32 orcs
  11 goblins
  6 hobgoblins
  7 kobolds
  A quokka (D:6)
  2 ball pythons
  10 bats
  2 giant cockroaches
  2 giant newts
  14 jackals
  A jackal skeleton (D:2)
  2 quokka zombies
  4 rats
170 creatures vanquished.

Vanquished Creatures (others)
  A slave (D:8)
  A wight (D:8)
  A fungus (D:8)
3 creatures vanquished.

Grand Total: 173 creatures vanquished

Notes
Turn   | Place    | Note
--------------------------------------------------------------
     0 | D:1      | fredomojojo the Draconian Berserker began the quest for the Orb.
     0 | D:1      | Reached XP level 1. HP: 19/19 MP: 1/1
   323 | D:1      | Reached XP level 2. HP: 26/26 MP: 2/2
   583 | D:2      | Reached ** piety under Trog
   816 | D:2      | Reached XP level 3. HP: 14/33 MP: 3/3
   995 | D:2      | Found a blossoming altar of Fedhas.
  1267 | D:3      | Reached XP level 4. HP: 15/40 MP: 4/4
  1341 | D:3      | Noticed Sigmund
  1352 | D:3      | Killed Sigmund
  1352 | D:3      | Reached skill level 4 in Fighting
  1352 | D:3      | Reached skill level 1 in Slings
  1352 | D:3      | Reached skill level 1 in Throwing
  1352 | D:3      | Reached XP level 5. HP: 47/47 MP: 5/5
  1523 | D:3      | Reached XP level 6. HP: 53/53 MP: 6/6
  1651 | D:4      | Noticed Edmund
  1658 | D:4      | Killed Edmund
  1942 | D:3      | Found a faded altar to an unknown god.
  1953 | D:3      | Reached *** piety under Trog
  1954 | D:3      | Noticed Natasha
  1976 | D:3      | Killed Natasha
  1976 | D:3      | Reached skill level 5 in Dodging
  1976 | D:3      | Your scales start taking on a fiery red colour.
  1976 | D:3      | Gained mutation: Your flesh is heat resistant. [Red Draconian growth]
  1976 | D:3      | Reached XP level 7. HP: 55/60 MP: 7/7
  2238 | D:4      | Received a gift from Trog
  2307 | D:3      | Noticed Natasha
  2334 | D:3      | Killed Natasha
  2383 | D:4      | Noticed Robin
  2392 | D:4      | Killed Robin
  2437 | D:4      | Reached skill level 1 in Stealth
  2755 | D:5      | Entered Level 5 of the Dungeon
  2914 | D:5      | Noticed brucemayne's ghost (amateur DsAs)
  2931 | D:5      | Killed brucemayne's ghost
  2931 | D:5      | Reached skill level 5 in Fighting
  2931 | D:5      | Reached skill level 1 in Polearms
  3009 | D:5      | Reached XP level 8. HP: 62/68 MP: 8/8
  3176 | D:4      | Found a staircase to the Ecumenical Temple.
  3832 | D:6      | Noticed Eustachio
  3860 | D:6      | Killed Eustachio
  3860 | D:6      | Reached skill level 6 in Dodging
  3997 | D:6      | Noticed Prince Ribbit
  4039 | D:6      | Killed Prince Ribbit
  4413 | D:7      | Found an ancient bone altar of Kikubaaqudgha.
  4599 | D:7      | Found a shattered altar of Ashenzari.
  4654 | D:7      | Reached skill level 5 in Axes
  4654 | D:7      | Reached skill level 5 in Stealth
  5073 | D:7      | Reached XP level 9. HP: 67/75 MP: 9/9
  5682 | D:8      | Noticed Grum
  5699 | D:8      | Noticed Maurice
  5701 | D:8      | Killed Grum
  5725 | D:8      | Killed Maurice
  5725 | D:8      | Reached skill level 7 in Dodging
  6275 | D:8      | Reached skill level 1 in Maces & Flails
  6423 | D:8      | Noticed Pikel
  6424 | D:8      | Found a huge runed gate.
  6424 | D:8      | Found a huge runed gate.
  6451 | D:8      | Killed Pikel
  6451 | D:8      | Reached XP level 10. HP: 61/84 MP: 10/10
  6458 | D:8      | Found a huge runed gate.
  6460 | D:8      | Noticed a griffon
  6460 | D:8      | Found a huge runed gate.
  6461 | D:8      | Noticed a death yak
  6513 | D:8      | Noticed Erica
  6562 | D:8      | HP: 1/84 [killer bee (6)]
  6563 | D:8      | Succumbed to a killer bee's poison

Vault maps used:
D:1:      nicolae_arrival_washed_ashore
D:2:      first_bread, fedhas_altar_1
D:3:      ecumenical_altar_2, kennysheep_generic_room_3, uniq_natasha,
          uniq_sigmund
D:4:      minmay_temple_entry_fiery, uniq_edmund, uniq_robin
D:6:      wad_lake_hut, uniq_eustachio, uniq_prince_ribbit1
D:7:      nicolae_overflow_crystal_walls, nicolae_ashenzari_panopticon,
          the_bakery
D:8:      lemuel_bear_cage, david_lair_generic, nicolae_elemental_shop,
          uniq_erica, uniq_grum, uniq_maurice, uniq_pikel

Action                   |  1- 3 |  4- 6 |  7- 9 | 10-12 || total
-------------------------+-------+-------+-------+-------++-------
Melee: Hand axe          |   114 |   121 |    62 |       ||   297
       Spear             |       |    25 |   225 |    10 ||   260
       Flail             |       |     2 |    58 |       ||    60
       Scythe            |       |       |     5 |       ||     5
       Glaive            |       |       |     1 |       ||     1
 Fire: Hunting sling     |    13 |     7 |     9 |       ||    29
       Blowgun           |       |       |    76 |     4 ||    80
Throw: Stone             |    14 |       |       |       ||    14
       Tomahawk          |       |     3 |     5 |     2 ||    10
Invok: Trog's Hand       |     1 |     3 |     9 |     1 ||    14
       Berserk           |     1 |     3 |     5 |       ||     9
       Burn Spellbooks   |       |       |     1 |       ||     1
 Abil: Breathe Fire      |       |       |     5 |       ||     5
Evoke: Wand              |       |       |     2 |       ||     2
  Use: Scroll            |       |     4 |     3 |     1 ||     8
       Potion            |       |     2 |     4 |       ||     6
 Stab: Sleeping          |     1 |       |    11 |       ||    12
       Paralysed         |       |       |    48 |     2 ||    50
       Distracted        |       |       |     2 |       ||     2
  Eat: Bread ration      |     1 |     1 |     3 |       ||     5
       Pizza             |       |       |     1 |       ||     1
       Meat ration       |       |       |     2 |       ||     2
